 Dungeon Crawl Stone Soup version 0.29.1-1-gd02db6906a (webtiles) character file.

Game seed: 15958115574060920605

539 madman20043 the Covered (level 7, -1/55 (60) HPs)
             Began as a Minotaur Fighter on Oct 5, 2022.
             Was an Initiate of Wu Jian.
             Slain by a wight
             ... wielding a +0 scimitar
              (7 damage)
             ... on level 4 of the Dungeon.
             The game lasted 00:14:59 (3809 turns).

madman20043 the Covered (Minotaur Fighter)          Turns: 3809, Time: 00:15:00

HP:   -1/55 (60)    AC: 12    Str: 20    XL:     7   Next: 5%
MP:   6/6           EV: 11    Int:  5    God:    Wu Jian [......]
Gold: 172           SH: 10    Dex: 12    Spells: 6/6 levels left

rFire   . . .      SeeInvis +   a - +0 rapier
rCold   . . .      Faith    .   c - +0 buckler
rNeg    . . .      Spirit   .   y - +3 leather armour
rPois   .          Reflect  +   (helmet restricted)
rElec   .          Harm     .   b - +0 cloak
rCorr   .          Rampage  .   (no gloves)
Will    .....                   (no boots)
Stlth   +.........              l - amulet of reflection
HPRegen 0.18/turn               t - +4 ring of protection
MPRegen 0.10/turn               w - ring of see invisible

@: drained
A: horns 2, retaliatory headbutt
a: Renounce Religion


You were on level 4 of the Dungeon.
You worshipped Wu Jian.
Wu Jian was noncommittal.
You visited 1 branch of the dungeon, and saw 4 of its levels.

You collected 172 gold pieces.

Inventory:

Hand Weapons
 a - a +0 rapier (weapon)
Missiles
 e - 32 stones (quivered)
Armour
 b - a +0 cloak (worn)
 c - a +0 buckler (worn)
 y - a +3 leather armour (worn)
Jewellery
 g - a ring of ice
 h - an amulet of regeneration
 l - an amulet of reflection (around neck)
 t - a +4 ring of protection (left hand)
 w - a ring of see invisible (right hand)
Scrolls
 f - a scroll of noise {unknown}
 j - a scroll of fog {unknown}
 m - 2 scrolls of magic mapping {unknown}
 o - a scroll of blinking {unknown}
 p - a scroll of summoning {unknown}
 q - 2 scrolls of vulnerability {unknown}
 r - a scroll of teleportation {unknown}
 v - a scroll of amnesia {unknown}
 A - a scroll of identify {unknown}
Potions
 d - a potion of might
 i - a potion of mutation {unknown}
 k - 4 potions of brilliance {unknown}
 n - a potion of magic {unknown}
 s - a potion of curing {unknown}
 u - a potion of ambrosia {unknown}
 x - a potion of degeneration {unknown}
 z - a potion of haste {unknown}


   Skills:
 + Level 4.8 Fighting
 + Level 5.5 Short Blades
 + Level 5.5 Armour
 + Level 1.8 Dodging
 + Level 0.6 Stealth
 + Level 5.1 Shields


You had 6 spell levels left.
You didn't know any spells.
Your spell library contained the following spells:

 Spells                   Type           Power      Damage    Failure   Level
 Beastly Appendage        Tmut           0%         N/A       63%         1
 Necrotise                Necr           0%         1d4       63%         1
 Blink                    Tloc           0%         N/A       77%         2
 Wereblood                Tmut           0%         N/A       77%         2
 Confusing Touch          Hex            0%         N/A       94%         3
 Lesser Beckoning         Tloc           0%         N/A       94%         3
 Spider Form              Tmut/Pois      0%         N/A       94%         3
 Summon Guardian Golem    Hex/Summ       0%         N/A       94%         3
 Vampiric Draining        Necr           0%         2d6       94%         3
 Agony                    Necr           0%         N/A       100%        5
 Manifold Assault         Tloc           0%         N/A       100%        5
 Yara's Violent Unravell  Hex/Tmut       0%         3d3       100%        5
 Enfeeble                 Hex            0%         N/A       100%        7
 Orb of Destruction       Conj           0%         9d5       100%        7
 Spellforged Servitor     Conj/Summ      0%         N/A       100%        7


Dungeon Overview and Level Annotations

Branches:
Dungeon (4/15)             Temple (0/1) D:4

Altars:
Okawaru
Ru
Wu Jian
Yredelemnul

Shops:
D:2 :


Innate Abilities, Weirdness & Mutations

You have a pair of horns on your head.
You reflexively headbutt those who attack you in melee.


Message History

The wight hits you but does no damage. You block the wight's attack.
The wight hits you with a +1 long sword!
You hit the wight but do no damage. You headbutt the wight.
The wight is severely damaged.
The wight closely misses you. You block the wight's attack. x2
You hit the wight but do no damage.
The wight is severely damaged.
The wight barely misses you. x2; You furiously retaliate!
You headbutt the wight!
You destroy the wight!
The Council accepts your kill. The wight hits you with a +3 mace!
Your Shields skill increases to level 5!
You have reached level 7!
The wight hits you with a +3 mace.
* * * LOW HITPOINT WARNING * * *
You feel drained.
* * * LOW HITPOINT WARNING * * *
The wight attacks as you move away! The wight closely misses you.
The wight attacks as you move away! You block the wight's attack.
The wight attacks as you move away! You block the wight's attack.
The wight attacks as you move away! The wight barely misses you.
The wight attacks as you move away! The wight hits you with a +3 mace!
* * * LOW HITPOINT WARNING * * *
You feel drained.
* * * LOW HITPOINT WARNING * * *
The wight attacks as you move away! The wight barely misses you.
You furiously retaliate!
You headbutt the wight. The wight misses you. You block the wight's attack.
You barely miss the wight. The wight hits you with a +0 scimitar.
* * * LOW HITPOINT WARNING * * *
You feel drained.
* * * LOW HITPOINT WARNING * * *
You hit the wight.
The wight is moderately damaged.
The wight misses you.
You hit the wight but do no damage.
The wight is moderately damaged.
The wight hits you with a +0 scimitar!
You die...

#..##...# #..##.###
#.###..##...#### #..# .#
#..............# #..# # .
#..##..#.#..######..##.###
. #.
#..#.#..##.#.......... #
#..#.#..##.#.#........
#....)......z...##.### # .
#..#.#..##.#z#### .# #..
#..#.#...#.#@#####.## ...
..................... .#.
###..#.#####......##.###.
. ... #....#
###..†.#.#......#..##.
#..#####.............
....... #..
..........#....# #.#..##.
## ########.##....#
#.#..##.
#.##....###.......
#........##.......


You could see 2 wights.

Vanquished Creatures
  A black bear (D:4)
  2 scorpions (D:4)
  A water moccasin zombie (D:3)
  A wight (D:4)
  A scorpion zombie (D:3)
  Natasha (thrice) (D:2)
  3 gnolls (D:3)
  An adder (D:2)
  An ufetubus (D:4)
  2 worms (D:2)
  A dart slug (D:2)
  8 ball pythons
  9 bats
  9 endoplasms
  3 giant cockroaches
  6 goblins
  3 hobgoblins
  7 jackals
  6 quokkas
  2 frilled lizards
  6 kobolds
  2 rats
78 creatures vanquished.

Notes
Turn   | Place    | Note
-------+----------+-------------------------------------------
     0 | D:1      | madman20043 the Minotaur Fighter began the quest for the
                  | Orb.
     0 | D:1      | Reached XP level 1. HP: 19/19 MP: 0/0
   371 | D:1      | Reached XP level 2. HP: 27/27 MP: 1/1
   814 | D:1      | Found a faded altar of an unknown god.
   858 | D:1      | Reached XP level 3. HP: 33/33 MP: 2/2
  1514 | D:2      | Noticed Natasha
  1519 | D:2      | Killed Natasha
  1520 | D:2      | Reached XP level 4. HP: 37/40 MP: 3/3
  1659 | D:2      | Noticed Natasha
  1663 | D:2      | Killed Natasha
  1693 | D:2      | Noticed Natasha
  1702 | D:2      | Killed Natasha
  1724 | D:2      | Found Plog's Book Shop.
  1778 | D:2      | Reached XP level 5. HP: 47/47 MP: 4/4
  2734 | D:3      | Reached skill level 5 in Armour
  2737 | D:3      | Found a basalt altar of Yredelemnul.
  2957 | D:3      | Found an iron altar of Okawaru.
  2961 | D:3      | Found an ornate altar of the Wu Jian Council.
  2970 | D:3      | Became a worshipper of the Wu Jian Council
  3099 | D:3      | Reached XP level 6. HP: 53/53 MP: 5/5
  3349 | D:4      | Found a staircase to the Ecumenical Temple.
  3420 | D:4      | Reached skill level 5 in Short Blades
  3420 | D:4      | Reached skill level 1 in Dodging
  3448 | D:4      | Found a sacrificial altar of Ru.
  3790 | D:4      | Reached skill level 5 in Shields
  3790 | D:4      | Reached XP level 7. HP: 22/59 MP: 6/6
  3809 | D:4      | Slain by a wight

Illustrated notes

Levels and vault maps discovered:
D:1:      dpeg_arrival_rooms_b, layout_loops_ring,
          shapermc_ecumenical_altar_venn, minmay_hexomino_c4
D:2:      layout_loops_ring, serial_shops, nicolae_shop_hallway_stairs,
          uniq_natasha
D:3:      kennysheep_big_flooded_room, layout_basic, minitemple,
          lemuel_zombie_altar_yredelemnul
D:4:      layout_basic, mainiacjoe_overflow_swirl,
          mainiacjoe_overflow_divided_tiny, minmay_temple_entry_statues_pillars

Skill      XL: |  1  2  3  4  5  6 |
---------------+-------------------+-----
Shields        | 4 5 |  5.1
Fighting       | 4 |  4.8
Short Blades   | 3 4 5 |  5.5
Armour         | 4 5 |  5.5
Dodging        | 1 |  1.8
Stealth        | |  0.6

Action                   |  1- 3 |  4- 6 |  7- 9 || total
-------------------------+-------+-------+-------++-------
Melee: Rapier            |   100 |   142 |     3 ||   245
       Headbutt          |    16 |    34 |       ||    50
Invok: Lunge             |       |     9 |       ||     9
Armor: Scale mail        |    42 |    35 |       ||    77
       Leather armour    |       |    16 |       ||    16
Dodge: Dodged            |    41 |    56 |     5 ||   102
Block: Buckler           |    27 |    74 |     3 ||   104
